 Dungeon Crawl Stone Soup version 0.23.2 (webtiles) character file.

Game seed: 1442904298294610800

177 MalarOregon the Skirmisher (level 5, 0/42 HPs)
             Began as a Merfolk Fighter on Apr 3, 2019.
             Was an Initiate of Gozag.
             Slain by an orc wizard
             ... wielding a +0 dagger
              (3 damage)
             ... on level 3 of the Dungeon.
             The game lasted 00:02:46 (1866 turns).

MalarOregon the Skirmisher (Merfolk Fighter)        Turns: 1866, Time: 00:02:47

Health: 0/42       AC:  6    Str: 21    XL:     5   Next: 57%
Magic:  5/5        EV:  7    Int:  9    God:    Gozag
Gold:   185        SH:  9    Dex: 13    Spells: 4/4 levels left

rFire    . . .     SeeInvis .   a - +0 war axe
rCold    . . .     Gourm    .   c - +0 shield
rNeg     . . .     Faith    .   b - +0 scale mail
rPois    .         Spirit   .   (no helmet)
rElec    .         Reflect  .   (no cloak)
rCorr    .         Harm     .   (no gloves)
MR       .....                  (no boots)
Stlth    +.........             (no amulet)
HPRegen  0.14/turn              (no ring)
MPRegen  0.09/turn              (no ring)

@: mighty, lethally poisoned (0 -> -4), gold aura
A: change form in water, swift swim, stealthy swim
a: Potion Petition, Call Merchant, Bribe Branch, Renounce Religion


You were on level 3 of the Dungeon.
You worshipped Gozag.
Gozag was aware of your devotion.
You were not hungry.

You visited 1 branch of the dungeon, and saw 3 of its levels.

You collected 217 gold pieces.
You paid 32 gold pieces to Gozag.

Inventory:

Hand Weapons
 a - a +0 war axe (weapon)
Armour
 b - a +0 scale mail (worn)
 c - a +0 shield (worn)
 h - a +0 cloak
   (You found it on level 1 of the Dungeon)
Jewellery
 k - an uncursed ring of ice
   (You found it on level 1 of the Dungeon)
 n - an uncursed amulet of harm {unknown}
   (You found it on level 2 of the Dungeon)
 s - a cursed ring of attention {unknown}
   (You found it on level 3 of the Dungeon)
Scrolls
 f - 2 scrolls of remove curse {unknown}
 i - 5 scrolls of identify {unknown}
 l - a scroll of noise {unknown}
 p - a scroll of teleportation {unknown}
 r - a scroll of fog {unknown}
Potions
 j - a potion of curing {unknown}
 m - a potion of invisibility {unknown}
 o - a potion of heal wounds {unknown}
 q - a potion of lignification {unknown}
Comestibles
 e - 7 rations {!d}


   Skills:
 + Level 4.2 Fighting
 + Level 2.4 Axes
 + Level 2.8 Armour
 + Level 2.4 Stealth
 + Level 3.7 Shields


You had 4 spell levels left.
You didn't know any spells.
Your spell library was empty.

Dungeon Overview and Level Annotations

Branches:
Dungeon (3/15)

Altars:
Gozag


Message History

* * * LOW HITPOINT WARNING * * *
You block the orc's attack. Something hits you but does no damage.
You barely miss the orc. You closely miss something.
The orc hits you with a +0 trident.
* * * LOW HITPOINT WARNING * * *
Something hits you but does no damage.
A kobold comes into view.
You block the orc's attack.
Your shield prevents you from hitting the orc.
You closely miss something.
The orc is no longer distracted by gold.
You hear some strange, mumbled words.
A puff of flame appears from out of thin air!
You block the puff of flame. The orc hits you but does no damage.
Something hits you.
* * * LOW HITPOINT WARNING * * *
You barely miss the orc. You closely miss the orc. You miss something.
You block the orc's attack. The orc hits you with a +0 trident.
* * * LOW HITPOINT WARNING * * *
Something hits you.
* * * LOW HITPOINT WARNING * * *
The kobold becomes distracted by the nearby gold, dreaming of imaginary riches.
The orc hits you with a +1 dagger of venom.
* * * LOW HITPOINT WARNING * * *
You closely miss the orc. You closely miss something.
The kobold shouts!
You hit the orc. Something hits you but does no damage.
The orc closely misses you. The orc hits you but does no damage.
You are poisoned.
You block something's attack. The orc closely misses you.
Unknown command.
You slash the orc!
You kill the orc!
You barely miss something. You hit the orc.
You kill the orc!
You feel sick.
The kobold is no longer distracted by gold.
Something hits you.
* * * LOW HITPOINT WARNING * * *
The kobold wields a +3 blowgun.
The kobold shoots a poisoned needle.
The poisoned needle barely misses you.
Unknown command.
It was a potion of magic.
Magic courses through your body.
* * * LOW HITPOINT WARNING * * *
You feel sick. Something hits you.
You die...
Your body crumbles into a pile of gold.

#.... .## ##.........
#.... ...##..........
#.#.# #.............
###.#.# #K...........
##...#.#
#..........###.)###.#
#..........##..###..#
#..$$...............#
#.$@{....###.#.....# $
##.$..........##.....
####..........### #<..#.
...!...$..(...#####...#.
......?.................
##.....$...?............
#.#....................
#.##.......?...........
####
##......#...........


You could see a kobold.

Vanquished Creatures
  An orc wizard (D:3)
  Natasha (thrice) (D:2)
  An adder (D:3)
  2 worms
  2 leopard geckos
  6 orcs (D:3)
  3 ball pythons
  5 giant cockroaches
  4 goblins
  10 hobgoblins
  5 bats
  2 frilled lizards (D:1)
  3 kobolds
  5 rats
52 creatures vanquished.

Notes
Turn   | Place    | Note
-------+----------+-------------------------------------------
     0 | D:1      | MalarOregon the Merfolk Fighter began the quest for the
                  | Orb.
     0 | D:1      | Reached XP level 1. HP: 18/18 MP: 1/1
   187 | D:1      | Reached XP level 2. HP: 22/24 MP: 2/2
   268 | D:1      | Reached skill level 1 in Stealth
   533 | D:1      | Reached XP level 3. HP: 24/29 MP: 3/3
   650 | D:2      | Noticed Natasha
   661 | D:2      | Killed Natasha
   779 | D:2      | Reached XP level 4. HP: 37/37 MP: 4/4
   875 | D:2      | Found an opulent altar of Gozag.
   890 | D:2      | Became a worshipper of Gozag Ym Sagoz the Greedy
   947 | D:2      | Noticed Natasha
   958 | D:2      | Killed Natasha
  1208 | D:2      | Noticed Natasha
  1214 | D:2      | Killed Natasha
  1214 | D:2      | Reached skill level 4 in Fighting
  1785 | D:3      | Reached XP level 5. HP: 40/42 MP: 5/5
  1866 | D:3      | Slain by an orc wizard

Skill      XL: |  1  2  3  4 |
---------------+-------------+-----
Stealth        | 1 2 |  2.4
Axes           | 2 |  2.4
Fighting       | 4 |  4.2
Armour         | |  2.8
Shields        | |  3.7

Action                   |  1- 3 |  4- 6 || total
-------------------------+-------+-------++-------
Melee: War axe           |    89 |    66 ||   155
  Use: Potion            |       |     2 ||     2
  Eat: Ration            |       |     1 ||     1
       Chunk             |       |     1 ||     1
Armor: Scale mail        |    45 |    22 ||    67
Dodge: Dodged            |    20 |    13 ||    33
Block: Shield            |    60 |    32 ||    92
